Islanders vs Golden Knights
Created - March 27, 2024 at 22:55
Goals
|
| Islanders |
2 |
2 |
0 |
4 |
| Golden Knights |
1 |
2 |
3 |
6 |
|
Shots
|
| Islanders |
15 |
3 |
11 |
29 |
| Golden Knights |
9 |
11 |
20 |
40 |
|
1st period
1. Islanders , Kellan Lain 16 (Brayden Schenn 35) at 4:07
2. Islanders , Anze Kopitar 10 (Brock McGinn 19, Jason Spezza 22) at 10:45
3. Golden Knights , Alex Tuch 9 (Ryan Nugent-Hopkins 26, Linus Omark 2) at 15:34
Penalties :
Olli Maatta (Veg) for Tripping (Minor) at 4:10
2nd period
4. Islanders , Vladimir Tarasenko 45 (Brayden Schenn 36, Ryan Ellis 55) at 0:13
5. Islanders , Melker Karlsson 7 (Dylan McIlrath 12, Sergei Plotnikov 4) at 7:10
6. Golden Knights , Ryan Nugent-Hopkins 21 (Brady Skjei 50, Andrew Cogliano 13) at 10:34
7. Golden Knights , Brady Skjei 9 (Ryan Nugent-Hopkins 27, Zach Bogosian 45) at 14:25
Penalties :
Brendan Gallagher (Veg) for Slashing (Minor) at 0:37, Ryan Ellis (NyI) for Hooking (Minor) at 10:44, Linus Omark (Veg) for Tripping (Minor) at 16:25
3rd period
8. Golden Knights , Marcus Johansson 23 (Zach Bogosian 46, Brady Skjei 51) at 1:19
9. Golden Knights , Ryan Nugent-Hopkins 22 (Zach Bogosian 47, Brady Skjei 52) at 12:44
10. Golden Knights , Marcus Johansson 24 (Andrei Loktionov 39, Brendan Gallagher 49) at 19:53 (Empty Net)
Penalties :
Anze Kopitar (NyI) for Goalie Interference (Minor) at 2:06
Goalie Stats
Tyler Weiman (NyI), 34 saves from 39 shots - (0.872), L, 25-14-4, 59:02 minutes
Cam Ward (Veg), 13 saves from 17 shots - (0.765), 27:10 minutes
Laurent Brossoit (Veg), 12 saves from 12 shots - (1.000), W, 8-5-0, 32:50 minutes
Players Stats for Islanders
Player Name G A P +/- PIM S H SB GA TA FO MP PP MP PK MP
------------------------------------------------------------------------------------
Adam Fox 0 0 0 2 0 0 0 1 0 0 0/0 11:20 0:00 0:00
Anze Kopitar 1 0 1 0 2 1 1 1 1 0 2/12 16:43 2:48 0:44
Brayden McNabb 0 0 0 -1 0 1 1 1 0 1 0/0 21:06 2:23 2:18
Brayden Schenn 0 2 2 -2 0 4 1 1 0 2 15/31 22:48 3:08 2:09
Brock McGinn 0 1 1 0 0 2 1 0 1 0 1/2 17:38 2:48 1:32
Dylan McIlrath 0 1 1 2 0 0 0 2 0 0 0/0 11:59 0:00 0:37
Emerson Etem 0 0 0 -1 0 0 3 1 0 0 0/2 11:26 0:07 0:17
Garnet Hathaway 0 0 0 1 0 1 1 0 0 0 0/0 8:30 0:01 0:00
Jason Akeson 0 0 0 -1 0 3 0 0 0 0 0/1 10:53 0:00 0:00
Jason Spezza 0 1 1 0 0 5 1 1 0 1 0/0 15:59 2:48 0:00
Kellan Lain 1 0 1 -2 0 1 0 2 2 0 2/5 22:41 3:02 2:09
Melker Karlsson 1 0 1 1 0 1 2 1 0 0 0/2 9:30 0:01 1:05
Michael Latta 0 0 0 -1 0 2 3 0 0 0 1/6 10:53 0:00 0:00
Nikita Zadorov 0 0 0 -1 0 0 0 0 0 0 0/0 20:30 2:23 1:40
Ryan Ellis 0 1 1 -3 2 2 1 4 2 0 0/0 27:16 3:34 1:03
Sergei Plotnikov 0 1 1 1 0 0 0 0 0 0 0/0 8:21 0:00 0:00
Vladimir Tarasenko 1 0 1 -2 0 3 4 1 1 0 0/0 20:17 3:08 0:00
Yann Sauvé 0 0 0 -3 0 3 3 1 0 3 0/0 28:10 3:34 2:18
Players Stats for Golden Knights
Player Name G A P +/- PIM S H SB GA TA FO MP PP MP PK MP
------------------------------------------------------------------------------------
Alex Tuch 1 0 1 3 0 2 1 0 0 0 1/2 15:13 1:47 0:00
Andrei Loktionov 0 1 1 1 0 3 4 0 0 1 19/35 23:25 2:11 2:58
Andrew Cogliano 0 1 1 3 0 2 1 0 0 1 2/2 17:49 1:47 2:36
Anton Lindholm 0 0 0 0 0 0 0 0 0 0 0/0 13:28 0:00 0:58
Brady Skjei 1 3 4 4 0 5 1 1 2 1 0/0 26:23 2:17 3:26
Brendan Gallagher 0 1 1 1 2 7 2 0 1 1 2/2 20:48 2:07 0:00
Christopher Tanev 0 0 0 -2 0 2 1 2 0 1 0/0 21:09 1:41 2:31
Frederick Gaudreau 0 0 0 -1 0 1 0 0 0 0 4/7 10:56 0:00 0:00
Jonathan Marchessault 0 0 0 -1 0 0 0 0 0 0 1/1 8:35 0:00 1:08
JT Compher 0 0 0 -1 0 0 0 0 0 0 0/0 7:01 0:04 0:00
Linus Omark 0 1 1 -1 2 1 1 0 0 0 1/1 8:01 0:04 0:31
Marcus Johansson 2 0 2 1 0 4 1 1 1 0 2/2 23:20 2:07 2:58
Olli Maatta 0 0 0 -2 2 1 0 0 0 0 0/0 20:10 1:41 1:33
Philip Larsen 0 0 0 0 0 1 2 1 0 0 0/0 12:28 0:00 0:00
Ryan Nugent-Hopkins 2 2 4 3 0 7 3 1 1 1 8/9 16:40 1:47 1:33
Tyler Bertuzzi 0 0 0 -1 0 2 4 0 0 0 0/0 11:08 0:00 0:10
Zach Bogosian 0 3 3 4 0 1 2 1 2 1 0/0 26:23 2:17 3:26
Zach Hyman 0 0 0 -1 0 1 1 0 0 0 0/0 11:02 0:00 0:00
3 Stars
1 - Ryan Nugent-Hopkins (Veg)
2 - Brady Skjei (Veg)
3 - Zach Bogosian (Veg)
Power Play
Islanders - 0 on 4 Attempt(s) - 0.00%
Golden Knights - 0 on 1 Attempt(s) - 0.00%
Penalty Kill
Islanders - 1 on 1 Attempt(s) - 100.00%
- Score 0 goal in Penalty Kill
Golden Knights - 4 on 4 Attempt(s) - 100.00%
- Score 0 goal in Penalty Kill
Team Stat
Islanders - Hits : 22 - Faceoff Wins : 21 - Blocked Shots : 17 - Penalty Minutes : 4
Golden Knights - Hits : 24 - Faceoff Wins : 40 - Blocked Shots : 7 - Penalty Minutes : 6
Official
Referees : Trevor Hanson and Corey Syvret
Linesman : Ryan Galloway and Pierre Racicot
Game Notes
Laurent Brossoit enters game at 7:10 of 2nd period
3:01 of 3rd period - Islanders goal is going for a video replay. After video review, No Goal. The referee deems the play has been stopped, even if he had not physically had the opportunity to stop play by blowing his whistle.
11:23 of 3rd period - Penalty Shot by Marcus Johansson for Golden Knights - Shot Misses the Net
Marcus Johansson has scored in a empty net!
Finance
Level 1 -- Attendance: 6000 (100.00%) -- Ticket Income $600,000
Level 2 -- Attendance: 4857 (97.14%) -- Ticket Income $291,420
Level 3 -- Attendance: 1859 (92.95%) -- Ticket Income $65,065
Level 4 -- Attendance: 4000 (100.00%) -- Ticket Income $100,000
Luxury Box -- Attendance: 956 (95.60%) -- Ticket Income $191,200
Game was played at the T-Mobile Arena.
Total Attendance: 17672 (98.18%)
Total Ticket Income: $1,247,685
Other Income: $187,153
Total Income: $1,434,838
Islanders
5 vs 5 Forward
Center Left Wing Right Wing Time % Phy DF OF
1 Brayden Schenn Kellan Lain Vladimir Tarasenko 40 1 2 2
2 Anze Kopitar Brock McGinn Jason Spezza 30 1 2 2
3 Michael Latta Emerson Etem Jason Akeson 20 1 2 2
4 Melker Karlsson Sergei Plotnikov Garnet Hathaway 10 1 2 2
5 vs 5 Defense
Defense Defense Time % Phy DF OF
1 Ryan Ellis Yann Sauvé 40 1 2 2
2 Nikita Zadorov Brayden McNabb 30 1 2 2
3 Dylan McIlrath Adam Fox 20 1 2 2
4 Ryan Ellis Yann Sauvé 10 1 2 2
PowerPlay Forward
Center Left Wing Right Wing Time % Phy DF OF
1 Brayden Schenn Kellan Lain Vladimir Tarasenko 60 1 2 2
2 Anze Kopitar Brock McGinn Jason Spezza 40 1 2 2
PowerPlay Defense
Defense Defense Time % Phy DF OF
1 Ryan Ellis Yann Sauvé 60 1 2 2
2 Nikita Zadorov Brayden McNabb 40 1 2 2
Penalty Kill 4 Players Forward
Center Wing Time % Phy DF OF
1 Brayden Schenn Kellan Lain 60 1 2 2
2 Anze Kopitar Brock McGinn 40 1 2 2
Penalty Kill 4 Players Defense
Defense Defense Time % Phy DF OF
1 Ryan Ellis Yann Sauvé 60 1 2 2
2 Nikita Zadorov Brayden McNabb 40 1 2 2
Penalty Kill - 3 Players Forward
Forward Time % Phy DF OF
1 Brayden Schenn 60 1 2 2
2 Anze Kopitar 40 1 2 2
Penalty Kill - 3 Players Defense
Defense Defense Time % Phy DF OF
1 Ryan Ellis Yann Sauvé 60 1 2 2
2 Nikita Zadorov Brayden McNabb 40 1 2 2
4 vs 4 Forward
Center Wing Time % Phy DF OF
1 Brayden Schenn Kellan Lain 60 1 2 2
2 Anze Kopitar Brock McGinn 40 1 2 2
4 vs 4 Defense
Defense Defense Time % Phy DF OF
1 Ryan Ellis Yann Sauvé 60 1 2 2
2 Nikita Zadorov Brayden McNabb 40 1 2 2
Last Minutes Offensive
Center Left Wing Right Wing Defense Defense
Brayden Schenn Kellan Lain Vladimir Tarasenko Ryan Ellis Yann Sauvé
Last Minutes Defensive
Center Left Wing Right Wing Defense Defense
Brayden Schenn Kellan Lain Vladimir Tarasenko Ryan Ellis Yann Sauvé
Goaltenders
Starting : Tyler Weiman
Backup : Joonas Korpisalo
Extra Forwards
Normal : Kellan Lain, Brock McGinn, Emerson Etem - PP : Kellan Lain, Brock McGinn - PK : Kellan Lain
Extra Defensemen
Normal : Brayden McNabb, Dylan McIlrath, Adam Fox - PP : Brayden McNabb - PK : Brayden McNabb, Dylan McIlrath
Penalty Shots
Vladimir Tarasenko, Brayden Schenn, Anze Kopitar, Jason Spezza, Kellan Lain
Custom OT Lines Forwards
Vladimir Tarasenko, Brayden Schenn, Anze Kopitar, Jason Spezza, Kellan Lain, Brock McGinn, Emerson Etem, Michael Latta, Jason Akeson, Melker Karlsson
Custom OT Lines Defensemen
Ryan Ellis, Yann Sauvé, Nikita Zadorov, Brayden McNabb, Dylan McIlrath
Scratches
Andrew Shaw (Healthy), Ben Johnson (Healthy), Gabriel Carlsson (Healthy), James Livingstone (Healthy)
Golden Knights
5 vs 5 Forward
Center Left Wing Right Wing Time % Phy DF OF
1 Andrei Loktionov Marcus Johansson Brendan Gallagher 40 1 2 2
2 Ryan Nugent-Hopkins Andrew Cogliano Alex Tuch 30 0 2 3
3 Frederick Gaudreau Tyler Bertuzzi Zach Hyman 20 1 2 2
4 Jonathan Marchessault Linus Omark JT Compher 10 2 2 1
5 vs 5 Defense
Defense Defense Time % Phy DF OF
1 Brady Skjei Zach Bogosian 40 1 2 2
2 Olli Maatta Christopher Tanev 30 1 2 2
3 Anton Lindholm Philip Larsen 20 1 2 2
4 Brady Skjei Zach Bogosian 10 1 2 2
PowerPlay Forward
Center Left Wing Right Wing Time % Phy DF OF
1 Andrei Loktionov Marcus Johansson Brendan Gallagher 60 1 1 3
2 Ryan Nugent-Hopkins Andrew Cogliano Alex Tuch 40 1 1 3
PowerPlay Defense
Defense Defense Time % Phy DF OF
1 Brady Skjei Zach Bogosian 60 1 2 2
2 Olli Maatta Christopher Tanev 40 1 2 2
Penalty Kill 4 Players Forward
Center Wing Time % Phy DF OF
1 Andrei Loktionov Marcus Johansson 60 1 2 2
2 Ryan Nugent-Hopkins Andrew Cogliano 40 1 3 1
Penalty Kill 4 Players Defense
Defense Defense Time % Phy DF OF
1 Brady Skjei Zach Bogosian 60 1 2 2
2 Olli Maatta Christopher Tanev 40 1 3 1
Penalty Kill - 3 Players Forward
Forward Time % Phy DF OF
1 Andrei Loktionov 60 1 3 1
2 Ryan Nugent-Hopkins 40 0 4 1
Penalty Kill - 3 Players Defense
Defense Defense Time % Phy DF OF
1 Brady Skjei Zach Bogosian 60 1 3 1
2 Olli Maatta Christopher Tanev 40 1 3 1
4 vs 4 Forward
Center Wing Time % Phy DF OF
1 Andrei Loktionov Marcus Johansson 60 1 2 2
2 Ryan Nugent-Hopkins Andrew Cogliano 40 1 2 2
4 vs 4 Defense
Defense Defense Time % Phy DF OF
1 Brady Skjei Zach Bogosian 60 1 2 2
2 Olli Maatta Christopher Tanev 40 1 2 2
Last Minutes Offensive
Center Left Wing Right Wing Defense Defense
Andrei Loktionov Marcus Johansson Brendan Gallagher Brady Skjei Zach Bogosian
Last Minutes Defensive
Center Left Wing Right Wing Defense Defense
Andrei Loktionov Marcus Johansson Brendan Gallagher Brady Skjei Zach Bogosian
Goaltenders
Starting : Cam Ward
Backup : Laurent Brossoit
Extra Forwards
Normal : Andrew Cogliano, Alex Tuch, Zach Hyman - PP : Andrew Cogliano, Alex Tuch - PK : Andrew Cogliano
Extra Defensemen
Normal : Christopher Tanev, Anton Lindholm, Philip Larsen - PP : Christopher Tanev - PK : Christopher Tanev, Anton Lindholm
Penalty Shots
Brendan Gallagher, Andrei Loktionov, Ryan Nugent-Hopkins, Marcus Johansson, Andrew Cogliano
Custom OT Lines Forwards
Brendan Gallagher, Andrei Loktionov, Ryan Nugent-Hopkins, Marcus Johansson, Andrew Cogliano, Alex Tuch, Zach Hyman, Tyler Bertuzzi, JT Compher, Linus Omark
Custom OT Lines Defensemen
Brady Skjei, Zach Bogosian, Olli Maatta, Christopher Tanev, Anton Lindholm
Scratches
Brandon Dubinsky (Healthy), Gabriel Bourque (Healthy), Jamie Oleksiak (Healthy)
% Time on Ice - Islanders
Lines # - Real PCT - Wanted PCT - Time Play
Normal Forward
1 - 34% - 40% - 16:45
2 - 27% - 30% - 13:11
3 - 22% - 20% - 10:53
4 - 17% - 10% - 8:21
Normal Defense
1 - 41% - 40% - 20:05
2 - 32% - 30% - 15:39
3 - 23% - 20% - 11:20
4 - 4% - 10% - 2:06
PP Forward
1 - 53% - 60% - 3:09
2 - 47% - 40% - 2:48
PP Defense
1 - 60% - 60% - 3:34
2 - 40% - 40% - 2:23
PK Forward
1 - 76% - 60% - 3:00
2 - 24% - 40% - 0:58
PK Defense
1 - 62% - 60% - 2:28
2 - 38% - 40% - 1:30
PK3 Forward
1 - 0% - 60%
2 - 0% - 40%
PK3 Defense
1 - 0% - 60%
2 - 0% - 40%
44 Forward
1 - 0% - 60%
2 - 0% - 40%
44 Defense
1 - 0% - 60%
2 - 0% - 40%
Last Minute Offensive - 0:55
Last Minute Defensive - 0:00
Total
Forward - 60:00
Defense - 60:00
|
% Time on Ice - Golden Knights
Lines # - Real PCT - Wanted PCT - Time Play
Normal Forward
1 - 38% - 40% - 18:52
2 - 27% - 30% - 13:20
3 - 22% - 20% - 10:56
4 - 14% - 10% - 6:57
Normal Defense
1 - 37% - 40% - 18:31
2 - 34% - 30% - 16:57
3 - 25% - 20% - 12:28
4 - 4% - 10% - 2:09
PP Forward
1 - 55% - 60% - 2:11
2 - 45% - 40% - 1:47
PP Defense
1 - 58% - 60% - 2:17
2 - 42% - 40% - 1:41
PK Forward
1 - 74% - 60% - 4:24
2 - 26% - 40% - 1:33
PK Defense
1 - 58% - 60% - 3:26
2 - 42% - 40% - 2:31
PK3 Forward
1 - 0% - 60%
2 - 0% - 40%
PK3 Defense
1 - 0% - 60%
2 - 0% - 40%
44 Forward
1 - 0% - 60%
2 - 0% - 40%
44 Defense
1 - 0% - 60%
2 - 0% - 40%
Last Minute Offensive - 0:00
Last Minute Defensive - 0:00
Total
Forward - 60:00
Defense - 60:00
|
Play-by-Play
1st period
0:01 of 1st period - Andrei Loktionov wins face-off versus Brayden Schenn in neutral zone.
0:45 of 1st period - Slapshot by Zach Bogosian.
0:45 of 1st period - Stopped by Tyler Weiman without a rebound.
0:46 of 1st period - Michael Latta wins face-off versus Frederick Gaudreau in Islanders zone.
1:01 of 1st period - Snap shot by Michael Latta.
1:01 of 1st period - Stopped by Cam Ward without a rebound.
1:02 of 1st period - Jonathan Marchessault wins face-off versus Melker Karlsson in Golden Knights zone.
1:02 of 1st period - Jonathan Marchessault is hit by Garnet Hathaway.
1:53 of 1st period - Brock McGinn is hit by Ryan Nugent-Hopkins and loses puck.
2:01 of 1st period - Off-side.
2:02 of 1st period - Ryan Nugent-Hopkins wins face-off versus Michael Latta in neutral zone.
2:15 of 1st period - Wrist shot by Michael Latta.
2:15 of 1st period - Stopped by Cam Ward without a rebound.
2:16 of 1st period - Brayden Schenn wins face-off versus Frederick Gaudreau in Golden Knights zone.
2:43 of 1st period - Brady Skjei is hit by Yann Sauvé and loses puck.
3:18 of 1st period - Slapshot by Brady Skjei.
3:18 of 1st period - Stopped by Tyler Weiman with a rebound.
3:44 of 1st period - Melker Karlsson is hit by Linus Omark and loses puck.
4:07 of 1st period - Snap shot by Kellan Lain.
4:07 of 1st period - Goal by Kellan Lain - Islanders : 1 - Golden Knights : 0.
4:08 of 1st period - Andrei Loktionov wins face-off versus Anze Kopitar in neutral zone.
4:10 of 1st period - Minor Penalty to Olli Maatta for Tripping.
4:11 of 1st period - Brayden Schenn wins face-off versus Andrei Loktionov in Golden Knights zone.
4:11 of 1st period - Snap shot by Ryan Ellis.
4:11 of 1st period - Shot Blocked by Brady Skjei.
4:13 of 1st period - Slapshot by Yann Sauvé.
4:13 of 1st period - Shot Blocked by Marcus Johansson.
5:26 of 1st period - Zach Bogosian is hit by Anze Kopitar and loses puck.
5:41 of 1st period - Andrei Loktionov is hit by Vladimir Tarasenko.
6:10 of 1st period - Penalty to Olli Maatta is over, Olli Maatta is back on ice.
7:22 of 1st period - Snap shot by Tyler Bertuzzi.
7:22 of 1st period - Shot Misses the Net.
8:03 of 1st period - Snap shot by Jason Akeson.
8:03 of 1st period - Stopped by Cam Ward without a rebound.
8:04 of 1st period - Ryan Nugent-Hopkins wins face-off versus Michael Latta in Golden Knights zone.
8:20 of 1st period - Slapshot by Jason Akeson.
8:20 of 1st period - Stopped by Cam Ward with a rebound.
8:22 of 1st period - Snap shot by Jason Akeson.
8:22 of 1st period - Shot Misses the Net.
8:36 of 1st period - Slapshot by Jason Akeson.
8:36 of 1st period - Stopped by Cam Ward without a rebound.
8:37 of 1st period - Andrei Loktionov wins face-off versus Kellan Lain in Golden Knights zone.
9:01 of 1st period - Icing by Marcus Johansson.
9:02 of 1st period - Frederick Gaudreau wins face-off versus Anze Kopitar in Golden Knights zone.
9:23 of 1st period - Anton Lindholm is hit by Jason Spezza and loses puck.
9:44 of 1st period - Wrist shot by Zach Hyman.
9:44 of 1st period - Shot Misses the Net.
9:57 of 1st period - Icing by Anze Kopitar.
9:58 of 1st period - Anze Kopitar wins face-off versus Andrei Loktionov in Islanders zone.
10:11 of 1st period - Snap shot by Brock McGinn.
10:11 of 1st period - Stopped by Cam Ward with a rebound.
10:13 of 1st period - Slapshot by Dylan McIlrath.
10:13 of 1st period - Shot Blocked by Christopher Tanev.
10:15 of 1st period - Wrist shot by Brock McGinn.
10:15 of 1st period - Stopped by Cam Ward with a rebound.
10:17 of 1st period - Wrist shot by Jason Spezza.
10:17 of 1st period - Shot Misses the Net.
10:43 of 1st period - Wrist shot by Brock McGinn.
10:43 of 1st period - Shot Blocked by Ryan Nugent-Hopkins.
10:45 of 1st period - Snap shot by Anze Kopitar.
10:45 of 1st period - Goal by Anze Kopitar - Islanders : 2 - Golden Knights : 0.
10:46 of 1st period - Marcus Johansson wins face-off versus Brayden Schenn in neutral zone.
11:24 of 1st period - Slapshot by Jason Akeson.
11:24 of 1st period - Shot Misses the Net.
11:26 of 1st period - Slapshot by Yann Sauvé.
11:26 of 1st period - Stopped by Cam Ward without a rebound.
11:27 of 1st period - Brayden Schenn wins face-off versus Andrei Loktionov in Golden Knights zone.
11:28 of 1st period - Wrist shot by Vladimir Tarasenko.
11:28 of 1st period - Stopped by Cam Ward without a rebound.
11:29 of 1st period - Kellan Lain wins face-off versus Andrei Loktionov in Golden Knights zone.
12:26 of 1st period - Slapshot by Brady Skjei.
12:26 of 1st period - Deflect By Ryan Nugent-Hopkins.
12:26 of 1st period - Shot Misses the Net.
12:26 of 1st period - Puck is out of play.
12:27 of 1st period - Brayden Schenn wins face-off versus Andrei Loktionov in Islanders zone.
14:14 of 1st period - Slapshot by Andrew Cogliano.
14:14 of 1st period - Stopped by Tyler Weiman without a rebound.
14:15 of 1st period - Brayden Schenn wins face-off versus Andrei Loktionov in Islanders zone.
14:15 of 1st period - Brayden Schenn is hit by Andrei Loktionov.
14:25 of 1st period - Snap shot by Andrei Loktionov.
14:25 of 1st period - Stopped by Tyler Weiman without a rebound.
14:26 of 1st period - Andrei Loktionov wins face-off versus Brayden Schenn in Islanders zone.
14:41 of 1st period - Slapshot by Brady Skjei.
14:41 of 1st period - Stopped by Tyler Weiman without a rebound.
14:42 of 1st period - Andrei Loktionov wins face-off versus Anze Kopitar in Islanders zone.
15:07 of 1st period - Brady Skjei is hit by Vladimir Tarasenko and loses puck.
15:18 of 1st period - Snap shot by Brayden Schenn.
15:18 of 1st period - Shot Blocked by Zach Bogosian.
15:34 of 1st period - Snap shot by Alex Tuch.
15:34 of 1st period - Goal by Alex Tuch - Islanders : 2 - Golden Knights : 1.
15:35 of 1st period - Brayden Schenn wins face-off versus Andrei Loktionov in neutral zone.
15:38 of 1st period - Wrist shot by Brayden Schenn.
15:38 of 1st period - Stopped by Cam Ward without a rebound.
15:39 of 1st period - Brayden Schenn wins face-off versus Andrei Loktionov in Golden Knights zone.
15:42 of 1st period - Wrist shot by Vladimir Tarasenko.
15:42 of 1st period - Shot Misses the Net.
16:51 of 1st period - Slapshot by Jason Spezza.
16:51 of 1st period - Stopped by Cam Ward with a rebound.
16:53 of 1st period - Wrist shot by Jason Spezza.
16:53 of 1st period - Stopped by Cam Ward without a rebound.
16:54 of 1st period - Andrei Loktionov wins face-off versus Brayden Schenn in Golden Knights zone.
16:54 of 1st period - Andrei Loktionov is hit by Brayden McNabb.
17:19 of 1st period - Icing by Nikita Zadorov.
17:20 of 1st period - Kellan Lain wins face-off versus Alex Tuch in Islanders zone.
17:29 of 1st period - Nikita Zadorov is hit by Andrew Cogliano and loses puck.
17:46 of 1st period - Sergei Plotnikov is hit by Andrei Loktionov and loses puck.
18:15 of 1st period - Slapshot by Linus Omark.
18:15 of 1st period - Shot Misses the Net.
18:37 of 1st period - Snap shot by Tyler Bertuzzi.
18:37 of 1st period - Stopped by Tyler Weiman with a rebound.
19:14 of 1st period - Snap shot by Ryan Nugent-Hopkins.
19:14 of 1st period - Stopped by Tyler Weiman without a rebound.
19:15 of 1st period - Ryan Nugent-Hopkins wins face-off versus Kellan Lain in Islanders zone.
19:16 of 1st period - Snap shot by Alex Tuch.
19:16 of 1st period - Stopped by Tyler Weiman without a rebound.
19:17 of 1st period - Brendan Gallagher wins face-off versus Brayden Schenn in Islanders zone.
19:34 of 1st period - Snap shot by Vladimir Tarasenko.
19:34 of 1st period - Shot Misses the Net.
19:48 of 1st period - Icing by Marcus Johansson.
19:49 of 1st period - Anze Kopitar wins face-off versus Andrei Loktionov in Golden Knights zone.
19:54 of 1st period - Wrist shot by Jason Spezza.
19:54 of 1st period - Stopped by Cam Ward with a rebound.
Goals for this period are 2 for Islanders vs 1 for Golden Knights.
Shots for this period are 15 for Islanders vs 9 for Golden Knights.
2nd period
0:01 of 2nd period - Andrei Loktionov wins face-off versus Brayden Schenn in neutral zone.
0:04 of 2nd period - Kellan Lain is hit by Brady Skjei and loses puck.
0:11 of 2nd period - Snap shot by Ryan Ellis.
0:11 of 2nd period - Shot Misses the Net.
0:13 of 2nd period - Backhand shot by Brayden Schenn.
0:13 of 2nd period - Deflect By Vladimir Tarasenko.
0:13 of 2nd period - Goal by Vladimir Tarasenko - Islanders : 3 - Golden Knights : 1.
0:14 of 2nd period - Marcus Johansson wins face-off versus Brayden Schenn in neutral zone.
0:37 of 2nd period - Minor Penalty to Brendan Gallagher for Slashing.
0:38 of 2nd period - Brayden Schenn wins face-off versus Andrei Loktionov in Golden Knights zone.
2:37 of 2nd period - Penalty to Brendan Gallagher is over, Brendan Gallagher is back on ice.
2:56 of 2nd period - Snap shot by Linus Omark.
2:56 of 2nd period - Stopped by Tyler Weiman with a rebound.
4:13 of 2nd period - Ryan Ellis is hit by Zach Bogosian and loses puck.
4:32 of 2nd period - Jason Akeson is hit by Alex Tuch.
4:42 of 2nd period - Adam Fox is hit by Marcus Johansson.
4:54 of 2nd period - Wrist shot by Frederick Gaudreau.
4:54 of 2nd period - Shot Misses the Net.
5:17 of 2nd period - Brayden McNabb is hit by Ryan Nugent-Hopkins.
5:31 of 2nd period - Kellan Lain is hit by Andrei Loktionov and loses puck.
5:58 of 2nd period - Ryan Ellis is hit by Philip Larsen.
6:04 of 2nd period - Snap shot by Melker Karlsson.
6:04 of 2nd period - Shot Blocked by Philip Larsen.
6:23 of 2nd period - Snap shot by Ryan Nugent-Hopkins.
6:23 of 2nd period - Stopped by Tyler Weiman with a rebound.
6:58 of 2nd period - Snap shot by Brayden Schenn.
6:58 of 2nd period - Shot Misses the Net.
7:08 of 2nd period - Wrist shot by Sergei Plotnikov.
7:08 of 2nd period - Shot Blocked by Christopher Tanev.
7:10 of 2nd period - Slapshot by Dylan McIlrath.
7:10 of 2nd period - Deflect By Melker Karlsson.
7:10 of 2nd period - Goal by Melker Karlsson - Islanders : 4 - Golden Knights : 1.
7:10 of 2nd period - Laurent Brossoit enters game.
7:11 of 2nd period - Andrei Loktionov wins face-off versus Brayden Schenn in neutral zone.
7:45 of 2nd period - Snap shot by Brady Skjei.
7:45 of 2nd period - Deflect By Andrew Cogliano.
7:45 of 2nd period - Shot Misses the Net.
7:45 of 2nd period - Puck is out of play.
7:46 of 2nd period - Andrei Loktionov wins face-off versus Anze Kopitar in Islanders zone.
7:47 of 2nd period - Snap shot by Brendan Gallagher.
7:47 of 2nd period - Shot Misses the Net.
8:32 of 2nd period - Off-side.
8:33 of 2nd period - Frederick Gaudreau wins face-off versus Michael Latta in neutral zone.
8:37 of 2nd period - Off-side.
8:38 of 2nd period - Frederick Gaudreau wins face-off versus Brayden Schenn in neutral zone.
8:41 of 2nd period - Slapshot by Brady Skjei.
8:41 of 2nd period - Shot Misses the Net.
8:43 of 2nd period - Wrist shot by Zach Hyman.
8:43 of 2nd period - Shot Blocked by Ryan Ellis.
8:45 of 2nd period - Snap shot by Frederick Gaudreau.
8:45 of 2nd period - Shot Blocked by Vladimir Tarasenko.
9:01 of 2nd period - Slapshot by Brady Skjei.
9:01 of 2nd period - Shot Misses the Net.
9:03 of 2nd period - Slapshot by Brady Skjei.
9:03 of 2nd period - Stopped by Tyler Weiman without a rebound.
9:04 of 2nd period - Andrei Loktionov wins face-off versus Anze Kopitar in Islanders zone.
9:54 of 2nd period - Wrist shot by Zach Hyman.
9:54 of 2nd period - Shot Blocked by Ryan Ellis.
10:01 of 2nd period - Off-side.
10:02 of 2nd period - Brendan Gallagher wins face-off versus Anze Kopitar in neutral zone.
10:13 of 2nd period - Brock McGinn is hit by Andrei Loktionov and loses puck.
10:18 of 2nd period - Snap shot by Brendan Gallagher.
10:18 of 2nd period - Shot Blocked by Anze Kopitar.
10:28 of 2nd period - Andrew Cogliano is hit by Ryan Ellis.
10:34 of 2nd period - Snap shot by Ryan Nugent-Hopkins.
10:34 of 2nd period - Goal by Ryan Nugent-Hopkins - Islanders : 4 - Golden Knights : 2.
10:35 of 2nd period - Andrei Loktionov wins face-off versus Kellan Lain in neutral zone.
10:42 of 2nd period - Snap shot by Brendan Gallagher.
10:42 of 2nd period - Stopped by Tyler Weiman with a rebound.
10:44 of 2nd period - Minor Penalty to Ryan Ellis for Hooking.
10:45 of 2nd period - Brayden Schenn wins face-off versus Andrei Loktionov in Islanders zone.
11:12 of 2nd period - Kellan Lain is hit by Ryan Nugent-Hopkins and loses puck.
12:44 of 2nd period - Penalty to Ryan Ellis is over, Ryan Ellis is back on ice.
12:56 of 2nd period - Brayden Schenn is hit by Tyler Bertuzzi and loses puck.
13:17 of 2nd period - Linus Omark is hit by Michael Latta and loses puck.
13:55 of 2nd period - Icing by Anze Kopitar.
13:56 of 2nd period - Andrei Loktionov wins face-off versus Anze Kopitar in Islanders zone.
14:05 of 2nd period - Wrist shot by Brendan Gallagher.
14:05 of 2nd period - Shot Misses the Net.
14:09 of 2nd period - Snap shot by Marcus Johansson.
14:09 of 2nd period - Stopped by Tyler Weiman with a rebound.
14:11 of 2nd period - Wrist shot by Andrei Loktionov.
14:11 of 2nd period - Deflect By Marcus Johansson.
14:11 of 2nd period - Shot Blocked by Jason Spezza.
14:11 of 2nd period - Puck is out of play.
14:12 of 2nd period - Andrew Cogliano wins face-off versus Brayden Schenn in Islanders zone.
14:23 of 2nd period - Slapshot by Brady Skjei.
14:23 of 2nd period - Shot Blocked by Yann Sauvé.
14:25 of 2nd period - Slapshot by Brady Skjei.
14:25 of 2nd period - Goal by Brady Skjei - Islanders : 4 - Golden Knights : 3.
14:26 of 2nd period - Andrei Loktionov wins face-off versus Brayden Schenn in neutral zone.
14:57 of 2nd period - Snap shot by Ryan Nugent-Hopkins.
14:57 of 2nd period - Shot Misses the Net.
14:59 of 2nd period - Slapshot by Ryan Nugent-Hopkins.
14:59 of 2nd period - Deflect By Alex Tuch.
14:59 of 2nd period - Shot Misses the Net.
14:59 of 2nd period - Puck is out of play.
15:00 of 2nd period - Alex Tuch wins face-off versus Anze Kopitar in Islanders zone.
15:19 of 2nd period - Christopher Tanev is hit by Brock McGinn and loses puck.
16:25 of 2nd period - Minor Penalty to Linus Omark for Tripping.
16:26 of 2nd period - Andrei Loktionov wins face-off versus Brayden Schenn in Golden Knights zone.
16:36 of 2nd period - Marcus Johansson is hit by Brayden Schenn and loses puck.
17:05 of 2nd period - Wrist shot by Brock McGinn.
17:05 of 2nd period - Deflect By Jason Spezza.
17:05 of 2nd period - Stopped by Laurent Brossoit with a rebound.
17:41 of 2nd period - Jason Spezza is hit by Christopher Tanev and loses puck.
18:25 of 2nd period - Penalty to Linus Omark is over, Linus Omark is back on ice.
18:32 of 2nd period - Zach Hyman is hit by Michael Latta and loses puck.
18:55 of 2nd period - Philip Larsen is hit by Melker Karlsson and loses puck.
19:35 of 2nd period - Snap shot by Brendan Gallagher.
19:35 of 2nd period - Stopped by Tyler Weiman without a rebound.
19:36 of 2nd period - Andrei Loktionov wins face-off versus Michael Latta in Islanders zone.
19:39 of 2nd period - Snap shot by Andrei Loktionov.
19:39 of 2nd period - Shot Misses the Net.
19:41 of 2nd period - Snap shot by Brendan Gallagher.
19:41 of 2nd period - Shot Misses the Net.
19:43 of 2nd period - Slapshot by Christopher Tanev.
19:43 of 2nd period - Shot Blocked by Ryan Ellis.
19:45 of 2nd period - Slapshot by Christopher Tanev.
19:45 of 2nd period - Shot Blocked by Emerson Etem.
19:47 of 2nd period - Snap shot by Brendan Gallagher.
19:47 of 2nd period - Stopped by Tyler Weiman with a rebound.
19:49 of 2nd period - Wrist shot by Andrei Loktionov.
19:49 of 2nd period - Stopped by Tyler Weiman with a rebound.
19:51 of 2nd period - Snap shot by Brendan Gallagher.
19:51 of 2nd period - Stopped by Tyler Weiman with a rebound.
Goals for this period are 2 for Islanders vs 2 for Golden Knights.
Shots for this period are 3 for Islanders vs 11 for Golden Knights.
3rd period
0:01 of 3rd period - Brayden Schenn wins face-off versus Andrei Loktionov in neutral zone.
0:04 of 3rd period - Snap shot by Vladimir Tarasenko.
0:04 of 3rd period - Stopped by Laurent Brossoit with a rebound.
0:45 of 3rd period - Icing by Yann Sauvé.
0:46 of 3rd period - Brock McGinn wins face-off versus Frederick Gaudreau in Islanders zone.
0:51 of 3rd period - Slapshot by Zach Hyman.
0:51 of 3rd period - Shot Misses the Net.
0:53 of 3rd period - Snap shot by Olli Maatta.
0:53 of 3rd period - Stopped by Tyler Weiman with a rebound.
0:55 of 3rd period - Backhand shot by Tyler Bertuzzi.
0:55 of 3rd period - Shot Blocked by Ryan Ellis.
0:57 of 3rd period - Slapshot by Tyler Bertuzzi.
0:57 of 3rd period - Stopped by Tyler Weiman with a rebound.
0:59 of 3rd period - Slapshot by Zach Hyman.
0:59 of 3rd period - Shot Blocked by Kellan Lain.
1:01 of 3rd period - Slapshot by Christopher Tanev.
1:01 of 3rd period - Stopped by Tyler Weiman with a rebound.
1:03 of 3rd period - Slapshot by Christopher Tanev.
1:03 of 3rd period - Stopped by Tyler Weiman without a rebound.
1:04 of 3rd period - Andrei Loktionov wins face-off versus Anze Kopitar in Islanders zone.
1:09 of 3rd period - Wrist shot by Brendan Gallagher.
1:09 of 3rd period - Stopped by Tyler Weiman with a rebound.
1:11 of 3rd period - Wrist shot by Brendan Gallagher.
1:11 of 3rd period - Deflect By Marcus Johansson.
1:11 of 3rd period - Stopped by Tyler Weiman with a rebound.
1:13 of 3rd period - Wrist shot by Brendan Gallagher.
1:13 of 3rd period - Stopped by Tyler Weiman without a rebound.
1:14 of 3rd period - Andrei Loktionov wins face-off versus Brock McGinn in Islanders zone.
1:17 of 3rd period - Slapshot by Brady Skjei.
1:17 of 3rd period - Stopped by Tyler Weiman with a rebound.
1:19 of 3rd period - Slapshot by Zach Bogosian.
1:19 of 3rd period - Deflect By Marcus Johansson.
1:19 of 3rd period - Goal by Marcus Johansson - Islanders : 4 - Golden Knights : 4.
1:20 of 3rd period - Brayden Schenn wins face-off versus Andrei Loktionov in neutral zone.
1:26 of 3rd period - Snap shot by Vladimir Tarasenko.
1:26 of 3rd period - Deflect By Brayden Schenn.
1:26 of 3rd period - Stopped by Laurent Brossoit with a rebound.
1:52 of 3rd period - Wrist shot by Ryan Nugent-Hopkins.
1:52 of 3rd period - Shot Misses the Net.
1:54 of 3rd period - Slapshot by Brady Skjei.
1:54 of 3rd period - Shot Misses the Net.
2:06 of 3rd period - Minor Penalty to Anze Kopitar for Goalie Interference.
2:07 of 3rd period - Brayden Schenn wins face-off versus Andrei Loktionov in Islanders zone.
2:57 of 3rd period - Slapshot by Ryan Ellis.
2:57 of 3rd period - Shot Misses the Net.
2:59 of 3rd period - Snap shot by Yann Sauvé.
2:59 of 3rd period - Stopped by Laurent Brossoit with a rebound.
3:01 of 3rd period - Backhand shot by Yann Sauvé.
3:01 of 3rd period - Islanders goal is going for a video replay.
3:01 of 3rd period - The goal is refused. The referee deems the play has been stopped, even if he had not physically had the opportunity to stop play by blowing his whistle..
3:02 of 3rd period - Ryan Nugent-Hopkins wins face-off versus Brayden Schenn in Golden Knights zone.
3:02 of 3rd period - Ryan Nugent-Hopkins is hit by Yann Sauvé.
3:28 of 3rd period - Brendan Gallagher is hit by Yann Sauvé and loses puck.
4:06 of 3rd period - Penalty to Anze Kopitar is over, Anze Kopitar is back on ice.
4:13 of 3rd period - Jason Akeson is hit by Zach Hyman and loses puck.
4:56 of 3rd period - Backhand shot by Emerson Etem.
4:56 of 3rd period - Shot Misses the Net.
5:22 of 3rd period - Snap shot by Brock McGinn.
5:22 of 3rd period - Shot Misses the Net.
5:40 of 3rd period - Wrist shot by Linus Omark.
5:40 of 3rd period - Shot Misses the Net.
5:42 of 3rd period - Slapshot by Linus Omark.
5:42 of 3rd period - Shot Blocked by Melker Karlsson.
5:56 of 3rd period - Backhand shot by Brayden McNabb.
5:56 of 3rd period - Stopped by Laurent Brossoit with a rebound.
7:16 of 3rd period - Wrist shot by Brock McGinn.
7:16 of 3rd period - Deflect By Jason Spezza.
7:16 of 3rd period - Stopped by Laurent Brossoit with a rebound.
7:43 of 3rd period - Off-side.
7:44 of 3rd period - Ryan Nugent-Hopkins wins face-off versus Jason Akeson in neutral zone.
8:09 of 3rd period - Ryan Ellis is hit by Brendan Gallagher and loses puck.
9:14 of 3rd period - Yann Sauvé is hit by Brendan Gallagher.
9:30 of 3rd period - Snap shot by Ryan Ellis.
9:30 of 3rd period - Stopped by Laurent Brossoit with a rebound.
9:32 of 3rd period - Wrist shot by Garnet Hathaway.
9:32 of 3rd period - Shot Misses the Net.
9:42 of 3rd period - Wrist shot by Melker Karlsson.
9:42 of 3rd period - Deflect By Sergei Plotnikov.
9:42 of 3rd period - Shot Misses the Net.
9:42 of 3rd period - Puck is out of play.
9:43 of 3rd period - Andrei Loktionov wins face-off versus Brayden Schenn in Golden Knights zone.
9:43 of 3rd period - Andrei Loktionov is hit by Vladimir Tarasenko.
10:36 of 3rd period - Wrist shot by Zach Hyman.
10:36 of 3rd period - Shot Blocked by Dylan McIlrath.
10:38 of 3rd period - Snap shot by Frederick Gaudreau.
10:38 of 3rd period - Shot Blocked by Adam Fox.
10:40 of 3rd period - Wrist shot by Frederick Gaudreau.
10:40 of 3rd period - Stopped by Tyler Weiman with a rebound.
11:23 of 3rd period - Penalty Shot by Marcus Johansson for Golden Knights.
11:23 of 3rd period - Wrist shot by Marcus Johansson.
11:23 of 3rd period - Shot Misses the Net.
11:24 of 3rd period - Brayden Schenn wins face-off versus Ryan Nugent-Hopkins in Golden Knights zone.
11:51 of 3rd period - Marcus Johansson is hit by Emerson Etem and loses puck.
12:04 of 3rd period - Brendan Gallagher is hit by Michael Latta and loses puck.
12:32 of 3rd period - Snap shot by Brendan Gallagher.
12:32 of 3rd period - Stopped by Tyler Weiman without a rebound.
12:33 of 3rd period - Ryan Nugent-Hopkins wins face-off versus Brayden Schenn in Islanders zone.
12:38 of 3rd period - Slapshot by Brady Skjei.
12:38 of 3rd period - Shot Misses the Net.
12:44 of 3rd period - Snap shot by Ryan Nugent-Hopkins.
12:44 of 3rd period - Goal by Ryan Nugent-Hopkins - Islanders : 4 - Golden Knights : 5.
12:45 of 3rd period - Andrei Loktionov wins face-off versus Brayden Schenn in neutral zone.
12:51 of 3rd period - Icing by Yann Sauvé.
12:52 of 3rd period - Brayden Schenn wins face-off versus Andrei Loktionov in Islanders zone.
13:14 of 3rd period - Snap shot by Brayden Schenn.
13:14 of 3rd period - Stopped by Laurent Brossoit with a rebound.
13:32 of 3rd period - Wrist shot by Kellan Lain.
13:32 of 3rd period - Deflect By Brayden Schenn.
13:32 of 3rd period - Stopped by Laurent Brossoit without a rebound.
13:33 of 3rd period - Ryan Nugent-Hopkins wins face-off versus Anze Kopitar in Golden Knights zone.
13:40 of 3rd period - Wrist shot by Ryan Nugent-Hopkins.
13:40 of 3rd period - Shot Blocked by Brayden McNabb.
13:55 of 3rd period - Icing by Christopher Tanev.
13:56 of 3rd period - Ryan Nugent-Hopkins wins face-off versus Emerson Etem in Golden Knights zone.
13:56 of 3rd period - Ryan Nugent-Hopkins is hit by Emerson Etem.
14:02 of 3rd period - Jason Akeson is hit by Tyler Bertuzzi and loses puck.
14:29 of 3rd period - Snap shot by Andrei Loktionov.
14:29 of 3rd period - Stopped by Tyler Weiman with a rebound.
14:37 of 3rd period - Snap shot by Brendan Gallagher.
14:37 of 3rd period - Shot Misses the Net.
15:19 of 3rd period - Snap shot by Garnet Hathaway.
15:19 of 3rd period - Shot Misses the Net.
15:30 of 3rd period - Brayden McNabb is hit by Tyler Bertuzzi and loses puck.
15:51 of 3rd period - Kellan Lain is hit by Philip Larsen.
16:17 of 3rd period - Snap shot by Ryan Nugent-Hopkins.
16:17 of 3rd period - Stopped by Tyler Weiman with a rebound.
16:19 of 3rd period - Slapshot by Philip Larsen.
16:19 of 3rd period - Shot Blocked by Dylan McIlrath.
16:21 of 3rd period - Wrist shot by Ryan Nugent-Hopkins.
16:21 of 3rd period - Stopped by Tyler Weiman with a rebound.
16:23 of 3rd period - Slapshot by Anton Lindholm.
16:23 of 3rd period - Shot Misses the Net.
16:25 of 3rd period - Snap shot by Anton Lindholm.
16:25 of 3rd period - Shot Misses the Net.
16:27 of 3rd period - Wrist shot by Ryan Nugent-Hopkins.
16:27 of 3rd period - Stopped by Tyler Weiman with a rebound.
16:29 of 3rd period - Slapshot by Anton Lindholm.
16:29 of 3rd period - Shot Misses the Net.
16:45 of 3rd period - Snap shot by Melker Karlsson.
16:45 of 3rd period - Deflect By Garnet Hathaway.
16:45 of 3rd period - Stopped by Laurent Brossoit without a rebound.
16:46 of 3rd period - Frederick Gaudreau wins face-off versus Michael Latta in Golden Knights zone.
16:46 of 3rd period - Frederick Gaudreau is hit by Emerson Etem.
17:12 of 3rd period - Ryan Ellis is hit by Zach Bogosian.
17:24 of 3rd period - Snap shot by Andrew Cogliano.
17:24 of 3rd period - Stopped by Tyler Weiman with a rebound.
17:47 of 3rd period - Backhand shot by Jason Spezza.
17:47 of 3rd period - Shot Misses the Net.
18:01 of 3rd period - Slapshot by Ryan Ellis.
18:01 of 3rd period - Stopped by Laurent Brossoit without a rebound.
18:02 of 3rd period - Linus Omark wins face-off versus Melker Karlsson in Golden Knights zone.
18:02 of 3rd period - Linus Omark is hit by Melker Karlsson.
18:28 of 3rd period - Jason Akeson is hit by Tyler Bertuzzi and loses puck.
18:35 of 3rd period - Wrist shot by Zach Hyman.
18:35 of 3rd period - Stopped by Tyler Weiman with a rebound.
18:37 of 3rd period - Slapshot by Philip Larsen.
18:37 of 3rd period - Stopped by Tyler Weiman without a rebound.
18:38 of 3rd period - Brayden Schenn wins face-off versus Andrei Loktionov in Islanders zone.
18:55 of 3rd period - Islanders, Tyler Weiman is pulled from the net.
18:55 of 3rd period - Snap shot by Brayden McNabb.
18:55 of 3rd period - Shot Misses the Net.
19:05 of 3rd period - Brendan Gallagher is hit by Vladimir Tarasenko and loses puck.
19:12 of 3rd period - Wrist shot by Brayden Schenn.
19:12 of 3rd period - Shot Misses the Net.
19:20 of 3rd period - Slapshot by Zach Bogosian.
19:20 of 3rd period - Shot Blocked by Kellan Lain.
19:51 of 3rd period - Slapshot by Andrei Loktionov.
19:51 of 3rd period - Shot Blocked by Brayden Schenn.
19:53 of 3rd period - Snap shot by Marcus Johansson.
19:53 of 3rd period - Goal by Marcus Johansson - Islanders : 4 - Golden Knights : 6.
19:53 of 3rd period - Tyler Weiman from Islanders was sent back in the game.
19:54 of 3rd period - Andrew Cogliano wins face-off versus Emerson Etem in neutral zone.
Goals for this period are 0 for Islanders vs 3 for Golden Knights.
Shots for this period are 11 for Islanders vs 20 for Golden Knights.